 Dungeon Crawl Stone Soup version 0.27-a0-1187-ge80a49f48c (webtiles) character file.

Game seed: 1159427738064006000

14367 Delamore the Basher (level 12, 0/77 HPs)
             Began as a Gargoyle Fighter on May 20, 2021.
             Was a High Priest of Okawaru.
             Engulfed by a cloud of freezing vapour (22 damage)
             ... in an ice cave.
             The game lasted 00:22:38 (17974 turns).

Delamore the Basher (Gargoyle Fighter)             Turns: 17974, Time: 00:22:39

Health: 0/77       AC: 27    Str: 31    XL:     12   Next: 15%
Magic:  15/15      EV:  6    Int:  9    God:    Okawaru [*****.]
Gold:   127        SH: 12    Dex:  7    Spells: 11/11 levels left

rFire    . . .     SeeInvis .   K - +7 whip of the Dripping Seer {drain, Will+}
rCold    . . .     Faith    .   c - +0 kite shield
rNeg     + + .     Spirit   .   A - +4 plate armour
rPois    ∞         Reflect  .   x - +0 helmet
rElec    +         Harm     .   u - +0 cloak
rCorr    .         Rampage  .   (no gloves)
Will     +....     Rnd*Tele +   J - +0 pair of boots
Stlth    ..........             O - amulet of magic regeneration
HPRegen  0.22/turn              t - ring of positive energy
MPRegen  0.39/turn              w - +6 ring of strength

@: studying 2 skills
A: sickness immunity, AC +8, negative energy resistance 1, electricity
resistance, torment resistance 1, petrification resistance, clumsy 1,
teleportitis 1
a: Renounce Religion, Heroism, Finesse


You were in an ice cave.
You worshipped Okawaru.
Okawaru was extremely pleased with you.
You visited 3 branches of the dungeon, and saw 14 of its levels.
You also visited: Bailey and Ice Cave.

You collected 623 gold pieces.
You spent 496 gold pieces at shops.

Inventory:

Hand Weapons
 K - the +7 whip of the Dripping Seer (weapon) {drain, Will+}
   (You bought it in a shop on level 9 of the Dungeon)

   A truly terrible weapon, it drains the life of those it strikes.
   It increases your willpower.
Missiles
 b - 6 javelins
 g - 32 poisoned darts
 r - a curare-tipped dart
 M - 6 atropa-tipped darts (quivered)
Armour
 c - a +0 kite shield (worn)
 p - a +0 crystal plate armour
 u - a +0 cloak (worn)
 x - a +0 helmet (worn)
 A - a +4 plate armour (worn)
 J - a +0 pair of boots (worn)
Jewellery
 t - a ring of positive energy (left hand)
 w - a +6 ring of strength (right hand)
 O - an amulet of magic regeneration (around neck)
Wands
 o - a wand of iceblast (11)
 L - a wand of flame (18)
Scrolls
 h - 2 scrolls of magic mapping
 i - a scroll of brand weapon
 j - a scroll of teleportation
 m - a scroll of enchant weapon
 q - 2 scrolls of immolation
 y - 2 scrolls of fear {unknown}
 z - 2 scrolls of vulnerability
 C - a scroll of noise {unknown}
 F - a scroll of enchant armour {unknown}
 G - a scroll of torment {unknown}
Potions
 a - a potion of experience {unknown}
 d - 2 potions of might
 e - 2 potions of mutation
 f - a potion of lignification {unknown}
 k - a potion of attraction {unknown}
 l - a potion of cancellation {unknown}
 n - a potion of flight {unknown}
 s - 4 potions of haste {unknown}
 v - a potion of ambrosia {unknown}
 D - a potion of degeneration {unknown}
 E - a potion of magic {unknown}
 H - a potion of berserk rage {unknown}
 I - a potion of resistance {unknown}
 N - a potion of brilliance {unknown}


   Skills:
 - Level 10.0 Fighting
 + Level 13.9 Maces & Flails
 - Level 5.0 Throwing
 - Level 3.2 Armour
 + Level 9.4 Shields
 - Level 5.0 Invocations


You had 11 spell levels left.
You didn't know any spells.
Your spell library contained the following spells:

 Spells                   Type           Power      Damage    Failure   Level
 Corona                   Hex            0%         N/A       100%        1
 Magic Dart               Conj           0%         1d3       100%        1
 Shock                    Conj/Air       0%         1d3       100%        1
 Blink                    Tloc           N/A        N/A       100%        2
 Call Imp                 Summ           0%         N/A       100%        2
 Slow                     Hex            0%         N/A       100%        2
 Static Discharge         Conj/Air       0%         N/A       100%        2
 Confusing Touch          Hex            0%         N/A       100%        3
 Conjure Flame            Conj/Fire      0%         6-21      100%        3
 Gell's Gravitas          Tloc           0%         N/A       100%        3
 Inner Flame              Hex/Fire       0%         N/A       100%        3
 Mephitic Cloud           Conj/Pois/Air  0%         N/A       100%        3
 Portal Projectile        Hex/Tloc       0%         N/A       100%        3
 Swiftness                Air            0%         N/A       100%        3
 Airstrike                Air            0%         N/A       100%        4
 Cause Fear               Hex            0%         N/A       100%        4
 Leda's Liquefaction      Hex/Erth       0%         N/A       100%        4
 Petrify                  Tmut/Erth      0%         N/A       100%        4
 Lightning Bolt           Conj/Air       0%         1d11      100%        5
 Metabolic Englaciation   Hex/Ice        0%         N/A       100%        5
 Yara's Violent Unravell  Hex/Tmut       0%         3d3       100%        5


Dungeon Overview and Level Annotations

Branches:
Dungeon (10/15)            Temple (1/1) D:5            Lair (4/6) D:9
  Swamp (0/4) Lair:4       Bailey (visited)           IceCv (1/1)
  Snake: Lair:2-4    Spider: Lair:2-4       Orc: D:9-12

Altars:
Ashenzari
Dithmenos
Elyvilon
Fedhas
Gozag
Hepliaklqana
Kikubaaqudgha
Makhleb
Nemelex Xobeh
Okawaru
Qazlal
Ru
Trog
Wu Jian
Xom
Yredelemnul
Zin
The Shining One

Shops:
D:6 *:[   D:8 *   D:9 *

Annotations:
D:4 3 runed translucent doors, wpisznazwe's ghost, amateur DEAM
Lair:4 1 runed translucent door, exclusion: oklob plant


Innate Abilities, Weirdness & Mutations

You are immune to sickness and miasma.
Your stone body is resilient. (AC +8)
You are immune to poison.
You resist negative energy. (rN+)
You are resistant to electric shocks. (rElec)
You are resistant to unholy torment.
You are immune to petrification.
You are clumsy. (Dex -2)
You are occasionally teleported next to monsters.


Message History

You are engulfed in freezing vapours.
The polar bear is engulfed in freezing vapours.
The polar bear bites you. You block the polar bear's attack.
The polar bear closely misses you.
You hit the polar bear but do no damage.
You drain the polar bear.
The polar bear is heavily wounded.
You are engulfed in freezing vapours.
You hit the polar bear but do no damage.
The polar bear is heavily wounded.
You are engulfed in freezing vapours.
The polar bear is engulfed in freezing vapours.
You block the polar bear's attack.
The polar bear claws you but does no damage.
You block the polar bear's attack.
You whack the polar bear!
The polar bear is severely wounded.
You are engulfed in freezing vapours.
* * * LOW HITPOINT WARNING * * *
You enter the shallow water.
Moving in this stuff is going to be slow.
The polar bear is engulfed in freezing vapours.
The polar bear bites you but does no damage.
The polar bear claws you but does no damage. x2
The polar bear is engulfed in freezing vapours.
The polar bear dies!
You see here a polar bear corpse.
You see here a polar bear corpse.
You start resting.
You are engulfed in freezing vapours.
* * * LOW HITPOINT WARNING * * *
Okay, then.
Okay, then.
Press: ? - help, v - describe, . - travel, g - get item Item here: a polar bear corpse.
The floor, spattered with blood.
There is a cloud of freezing vapour here.
Okay, then.
You feel much better.
You are engulfed in freezing vapours.
You die...

.. #.
.. ##.
##..##
##.☼#.#
#☼§☼§#
#☼@##
##☼§##
##☼☼#
##○##
#..##
##...#
#.○.##
##†††#
#...#


There were no monsters in sight!

Vanquished Creatures
  Gastronok (Lair:1)
  Erica (D:8)
  2 black mambas
  2 rime drakes (Lair:4)
  2 cane toads
  Maggie (Lair:2)
  3 komodo dragons
  A hornet (D:9)
  A blink frog (D:9)
  A vampire (D:8)
  A basilisk (Lair:1)
  2 chaos spawn (D:8)
  A wyvern (D:8)
  19 yaks
  Grum (D:8)
  An acid dragon (D:6)
  4 water moccasins
  A sky beast (D:7)
  14 orc warriors
  A black bear (D:6)
  An ice beast (D:6)
  2 necrophages
  5 wolves
  9 centaurs
  2 ogres
  2 phantoms (D:5)
  A kobold brigand (D:9)
  5 bullfrogs
  A water moccasin zombie (D:5)
  A scorpion (D:5)
  A wyvern zombie (D:9)
  4 wights (D:8)
  5 howler monkeys
  A centaur zombie (D:5)
  A bullfrog zombie (D:5)
  Crazy Yiuf (D:4)
  4 orc priests
  A hound (D:6)
  A jelly (D:6)
  A centaur skeleton (D:7)
  A bullfrog skeleton (D:4)
  3 iguanas (D:6)
  9 orc wizards
  2 hound zombies (D:4)
  A hound skeleton (D:4)
  2 howler monkey zombies (D:8)
  11 gnolls
  8 adders
  2 river rats (Lair:1)
  A white imp (D:7)
  2 ufetubi
  4 dart slugs
  41 orcs
  5 endoplasms
  6 giant cockroaches
  7 goblins
  3 hobgoblins
  6 jackals
  2 quokkas
  5 ball pythons
  5 bats (D:2)
  2 frilled lizards (D:1)
  4 kobolds
  8 rats
249 creatures vanquished.

Vanquished Creatures (others)
  2 polar bears (IceCv)
  A wolf (IceCv)
  An orc (Bailey)
  2 kobolds (D:9)
  A butterfly (D:6)
  17 fungi
  29 plants
53 creatures vanquished.

Grand Total: 302 creatures vanquished

Notes
Turn   | Place    | Note
-------+----------+-------------------------------------------
     0 | D:1      | Delamore the Gargoyle Fighter began the quest for the Orb.
     0 | D:1      | Reached XP level 1. HP: 14/14 MP: 1/1
   257 | D:1      | Reached XP level 2. HP: 19/19 MP: 2/2
   830 | D:2      | HP: 1/20 [frozen (4)]
   832 | D:2      | Reached XP level 3. HP: 1/24 MP: 3/3
  1696 | D:2      | Reached XP level 4. HP: 29/29 MP: 4/4
  1739 | D:2      | Reached skill level 3 in Maces & Flails
  2317 | D:2      | Reached XP level 5. HP: 32/34 MP: 5/5
  2783 | D:3      | Found a glowing golden altar of the Shining One.
  2787 | D:3      | Found a broken altar of Ashenzari.
  3394 | D:4      | Reached XP level 6. HP: 38/40 MP: 6/6
  3448 | D:4      | Noticed a necrophage
  3460 | D:4      | Killed a necrophage
  3461 | D:4      | Reached skill level 5 in Fighting
  3461 | D:4      | Reached skill level 4 in Maces & Flails
  3461 | D:4      | Reached skill level 5 in Shields
  3556 | D:4      | Noticed wpisznazwe's ghost (amateur DEAM)
  3559 | D:4      | Found a runed translucent gate.
  3559 | D:4      | Found a runed translucent gate.
  3559 | D:4      | Found a runed translucent gate.
  3561 | D:4      | Found a basalt altar of Yredelemnul.
  3662 | D:4      | Found a runed translucent door.
  3663 | D:4      | Noticed Crazy Yiuf
  3823 | D:4      | Found a glowing silver altar of Zin.
  4021 | D:4      | Found an ancient bone altar of Kikubaaqudgha.
  4178 | D:4      | Killed Crazy Yiuf
  4179 | D:4      | Reached skill level 5 in Maces & Flails
  4384 | D:5      | Entered Level 5 of the Dungeon
  4395 | D:5      | Found a staircase to the Ecumenical Temple.
  4409 | D:5      | Reached XP level 7. HP: 44/44 MP: 7/7
  4486 | D:5      | Reached skill level 6 in Maces & Flails
  4524 | Temple   | Entered the Ecumenical Temple
  4695 | Temple   | Became a worshipper of Warmaster Okawaru
  4722 | D:5      | Reached skill level 7 in Maces & Flails
  5203 | D:5      | Reached XP level 8. HP: 34/49 MP: 8/8
  5963 | D:5      | Reached skill level 8 in Maces & Flails
  6397 | D:6      | Found Lulul Maf's Book Boutique.
  6426 | D:5      | Reached skill level 9 in Maces & Flails
  6660 | D:6      | Reached * piety under Okawaru
  6729 | D:6      | Found a white marble altar of Elyvilon.
  6769 | D:6      | Reached skill level 10 in Maces & Flails
  7106 | D:6      | Reached XP level 9. HP: 54/54 MP: 9/9
  7565 | D:6      | Found Ustrushu's Antique Armour Shop.
  7757 | D:6      | Found Reakaukaru's Assorted Antiques.
  7763 | D:6      | Bought a scroll labelled MAYJ EGECRUA for 22 gold pieces
  7763 | D:6      | Bought a scroll labelled TEKIABIUHE for 22 gold pieces
  7763 | D:6      | Bought a scroll labelled OCKING IPLOMUO for 22 gold pieces
  7763 | D:6      | Bought a scroll labelled TEKIABIUHE for 22 gold pieces
  7825 | D:6      | Gained mutation: You are clumsy. (Dex -2) [potion of
                  | mutation]
  7825 | D:6      | Gained mutation: You are occasionally teleported next to
                  | monsters. [potion of mutation]
  8092 | D:6      | Paralysed by an orc for 2 turns
  8575 | D:7      | Reached skill level 1 in Invocations
  8628 | D:8      | Noticed Erica
  8761 | D:8      | Found the +7 mace of Variability {chain chaos}
  8812 | D:8      | Reached skill level 11 in Maces & Flails
  9042 | D:8      | Found a shimmering altar of Xom.
  9289 | D:8      | Found Exaps's Assorted Antiques.
  9295 | D:8      | Reached ** piety under Okawaru
  9383 | D:8      | Bought a scroll labelled XOZASEA SEBO for 30 gold pieces
  9383 | D:8      | Bought a scroll labelled PIORGH EHUDO for 30 gold pieces
  9383 | D:8      | Bought a black potion for 27 gold pieces
  9383 | D:8      | Bought a golden potion for 27 gold pieces
  9383 | D:8      | Bought a black potion for 27 gold pieces
  9383 | D:8      | Bought a white potion for 27 gold pieces
  9492 | D:8      | Killed Erica
  9492 | D:8      | Reached *** piety under Okawaru
  9493 | D:8      | Reached XP level 10. HP: 28/60 MP: 11/13
  9533 | D:8      | Reached skill level 12 in Maces & Flails
  9889 | D:8      | Noticed Grum
  9893 | D:8      | Reached skill level 5 in Invocations
  9902 | D:8      | Killed Grum
 10463 | D:9      | Found a flagged portal.
 10481 | Bailey   | Entered a bailey
 10516 | Bailey   | HP: 1/61 [centaur/+0 halberd (5)]
 11282 | Bailey   | Reached **** piety under Okawaru
 13455 | Bailey   | Reached skill level 1 in Throwing
 14302 | D:9      | Found Tuasheur's Assorted Antiques.
 14339 | D:9      | HP: 1/63 [something (7)]
 15308 | D:8      | Reached XP level 11. HP: 56/68 MP: 14/14
 15499 | D:10     | Entered Level 10 of the Dungeon
 15603 | D:9      | Bought a smoking whip for 240 gold pieces
 15603 | D:9      | Identified the +7 whip of the Dripping Seer {drain, Will+}
                  | (You bought it in a shop on level 9 of the Dungeon)
 15900 | D:9      | Found a staircase to the Lair.
 16062 | Lair:1   | Entered Level 1 of the Lair of Beasts
 16379 | D:9      | Reached skill level 13 in Maces & Flails
 16388 | D:9      | Reached ***** piety under Okawaru
 16636 | D:9      | Received a gift from Okawaru
 16939 | Lair:1   | Received a gift from Okawaru
 17098 | Lair:1   | Reached skill level 10 in Fighting
 17389 | Lair:1   | Noticed Gastronok
 17411 | Lair:1   | Killed Gastronok
 17411 | Lair:1   | Identified the +1 robe of Cuqoc {Fly Will- Int+5} (Okawaru
                  | gifted it to you on level 1 of the Lair of Beasts)
 17411 | Lair:1   | Received a gift from Okawaru
 17638 | Lair:1   | Reached skill level 5 in Throwing
 17769 | Lair:2   | Noticed Maggie
 17788 | Lair:2   | Killed Maggie
 17789 | Lair:2   | You fall into a shaft and drop 2 floors!
 17790 | Lair:4   | Noticed an oklob plant
 17802 | Lair:4   | Reached XP level 12. HP: 65/77 MP: 15/15
 17837 | Lair:4   | Found a large runed translucent door.
 17848 | Lair:4   | Found a frozen archway.
 17922 | IceCv    | Entered an ice cave
 17974 | IceCv    | Engulfed by a cloud of freezing vapour

Illustrated notes

Levels and vault maps discovered:
D:1:      minmay_arrival_four_houses, layout_loops_ring, minmay_tromino_i4
D:2:      cheibrodos_old_hovel, layout_rooms, hex_intersection
D:3:      layout_rooms, minitemple
D:4:      layout_gridville, nicolae_yredelemnul_ghost_church, zin_academy,
          kennysheep_mini_moat, chequers_serial_rivers_micro_d,
          uniq_crazy_yiuf_cottage
D:5:      layout_layer_cave, minmay_temple_entry_grid
D:6:      layout_loops_ring, nicolae_elyvilon_peaceful_grove, serial_shops,
          kennysheep_mini, nicolae_shop_stone, shop, corexii_corridor_pit
D:7:      layout_loops_cross
D:8:      layout_basic, serial_shops, nicolae_shop_overgrown_old_shop,
          minmay_guarded_unrand_variability, uniq_grum, uniq_erica
D:9:      layout_long_grid, grunt_lair_entry_orc_guard_hut, enter_bailey_5,
          serial_shops, shop, lemuel_flamethrower_2
D:10:     layout_stronghold
Temple:   lightli_temple_of_artemis
Lair:1:   layout_chaotic_city, pond, uniq_gastronok
Lair:2:   layout_concentric_octagons, chequers_serial_rivers_room_b, uniq_maggie
Lair:4:   layout_regular_city, minmay_swamp_entry_swarm, portal_ice_cave_rime,
          ebering_ghost_disaster_area, disabler_island
IceCv:    ice_cave_caverns_02

Skill      XL: |  1  2  3  4  5  6  7  8  9 10 11 12 |
---------------+-------------------------------------+-----
Fighting       | 4 5 6 8 10 | 10.0
Shields        | 4 5 6 8 9 |  9.4
Maces & Flails | 3 5 7 10 11 12 13 | 13.9
Invocations    | 4 5 |  5.0
Throwing       | 2 5 |  5.0
Armour         | |  3.2

Action                   |  1- 3 |  4- 6 |  7- 9 | 10-12 || total
-------------------------+-------+-------+-------+-------++-------
Melee: Flail             |   123 |   128 |   314 |   144 ||   709
       Great mace        |       |       |    26 |    48 ||    74
       Halberd           |       |       |       |    14 ||    14
       Whip              |       |       |       |   251 ||   251
Throw: Dart              |       |       |     8 |    93 ||   101
Invok: Heroism           |       |       |       |     2 ||     2
       Finesse           |       |       |       |     1 ||     1
Evoke: Wand              |       |       |       |     4 ||     4
  Use: Scroll            |       |     4 |     4 |     5 ||    13
       Potion            |       |       |     5 |     3 ||     8
 Stab: Paralysed         |       |       |       |     1 ||     1
Armor: Scale mail        |    98 |    80 |   143 |    82 ||   403
       Plate armour      |       |       |       |   183 ||   183
       Crystal plate arm |       |       |       |    64 ||    64
Dodge: Dodged            |    73 |    35 |    91 |   157 ||   356
Block: Kite shield       |    93 |    83 |   174 |   201 ||   551

Table legend: (Time is in decaauts)
 A = Elapsed time spent in this place.
 B = Non-inter-level travel time spent in this place.
 C = Inter-level travel time spent in this place.
 D = Time resting spent in this place.
 E = Time spent auto-exploring this place.
 F = Levels seen in this place.
 G = Mean time per level.
                   A        B        C        D        E       F      G
               +--------+--------+--------+--------+--------+-----+--------+
         Total |  18164 |  17483 |    681 |   6192 |   8300 |  16 | 1135.2 |
       Dungeon |  13019 |  12409 |    610 |   3817 |   6764 |  10 | 1301.9 |
        Temple |    182 |    172 |     10 |      0 |    166 |   1 |  182.0 |
          Lair |   1095 |   1034 |     61 |    148 |    691 |   3 |  365.0 |
        Bailey |   3825 |   3825 |      0 |   2222 |    669 |   1 | 3825.0 |
      Ice Cave |     40 |     40 |      0 |      5 |      9 |   1 |   40.0 |
               +--------+--------+--------+--------+--------+-----+--------+

Top non-repeatable levels by time:
  Bailey: 3825 daAuts
     D:8: 2724 daAuts
     D:5: 1777 daAuts
     D:6: 1691 daAuts
     D:9: 1598 daAuts
     D:4: 1431 daAuts
     D:1: 1332 daAuts
     D:2: 1138 daAuts
  Lair:1: 931 daAuts
     D:3: 785 daAuts
     D:7: 462 daAuts
  Temple: 182 daAuts
  Lair:4: 123 daAuts
    D:10: 76 daAuts
   IceCv: 40 daAuts
